 Dungeon Crawl Stone Soup version 0.25.1-2-g60ff931df9 (webtiles) character file.

Game seed: 12428180888886397074

282 gruber the Slasher (level 6, -2/32 HPs)
             Began as a Vine Stalker Fighter on Oct 22, 2020.
             Slain by a troll (3 damage)
             ... on level 5 of the Dungeon.
             The game lasted 00:03:01 (2419 turns).

gruber the Slasher (Vine Stalker Fighter)           Turns: 2419, Time: 00:03:02

Health: -2/32      AC: 16    Str: 21    XL:     6   Next: 28%
Magic:  0/7        EV:  3    Int:  8    God:
Gold:   156        SH:  9    Dex: 13    Spells: 5/5 levels left

rFire    . . .     SeeInvis .   a - +0 long sword
rCold    . . .     Gourm    .   c - +0 kite shield
rNeg     . . .     Faith    .   n - +0 plate armour
rPois    .         Spirit   +   x - +0 helmet
rElec    .         Reflect  .   (no cloak)
rCorr    .         Harm     .   (no gloves)
MR       +....                  (no boots)
Stlth    ..........             (no amulet)
HPRegen  0.50/turn              w - ring of protection from magic
MPRegen  0.10/turn              v - +4 ring of protection

@: no status effects
A: fangs 2, regeneration 1, magic shield, antimagic bite, no potion heal 3, rot
immunity
a: no special abilities


You were on level 5 of the Dungeon.
You were not hungry.

You visited 1 branch of the dungeon, and saw 4 of its levels.

You collected 156 gold pieces.

Inventory:

Hand Weapons
 a - a +0 long sword (weapon)
Armour
 c - a +0 kite shield (worn)
 n - a +0 plate armour (worn)
 x - a +0 helmet (worn)
Jewellery
 i - an uncursed ring of ice
 v - a +4 ring of protection (right hand)
 w - a ring of protection from magic (left hand)
 B - an uncursed ring of flight
Scrolls
 b - a scroll of enchant weapon {unknown}
 g - a scroll of noise {unknown}
 j - 3 scrolls of remove curse
 k - 3 scrolls of fear {unknown}
 m - 6 scrolls of identify {unknown}
 o - a scroll of enchant armour {unknown}
 q - a scroll of teleportation {unknown}
 s - a scroll of blinking {unknown}
 t - a scroll of immolation {unknown}
 y - a scroll of magic mapping {unknown}
 A - a scroll of fog {unknown}
 C - a scroll of random uselessness {unknown}
Potions
 d - 2 potions of might
 e - a potion of stabbing {unknown}
 h - 2 potions of heal wounds {unknown}
 l - a potion of lignification {unknown}
 p - a potion of magic {unknown}
 u - 3 potions of degeneration {unknown}
 z - 2 potions of flight {unknown}
Comestibles
 f - 8 rations
 r - 3 chunks of flesh


   Skills:
 - Level 2.6 Fighting
 + Level 5.9 Long Blades
 - Level 2.4 Armour
 - Level 2.6 Shields


You had 5 spell levels left.
You didn't know any spells.
Your spell library was empty.

Dungeon Overview and Level Annotations

Branches:
Dungeon (3/15)

Altars:


Innate Abilities, Weirdness & Mutations

You have extremely sharp teeth.
Your natural rate of healing is unusually fast.
When hurt, damage is shared between your health and your magic reserves.
Your bite disrupts and absorbs the magic of your enemies.
Potions cannot restore your health.
You are immune to rotting.


Message History

You block the troll's attack.
You hit the troll. Your bite misses the troll.
The troll is lightly wounded.
The troll bites you!
The troll claws you but does no damage. x2
Your plate armour prevents you from hitting the troll.
The troll is lightly wounded.
You block the troll's attack.
The troll claws you but does no damage. x2
You barely miss the troll. You bite the troll. You drain its power.
You feel invigorated.
The troll is lightly wounded.
The troll bites you. The troll barely misses you. The troll claws you.
* * * LOW HITPOINT WARNING * * *
You closely miss the troll. Your bite misses the troll.
The troll is lightly wounded.
The troll bites you. You block the troll's attack. The troll claws you.
* * * LOW HITPOINT WARNING * * *
The troll bites you.
* * * LOW HITPOINT WARNING * * *
The troll claws you but does no damage. The troll claws you.
You die...

###
###############.##
#..........T.....#
#.######.####..>..
#.#......# #......
#.#......# #.##Z.#
#r#.......... #..#
#T#......#### #.$#
#@#......# #..#
#.###.##.# ...#
#.. ...... .....
#####.. .## .Z....
....... +.......


You could see a troll and a quokka.

Vanquished Creatures
  An orc priest (D:2)
  An orc wizard (D:3)
  2 worker ants (D:5)
  A hound zombie (D:5)
  Robin (D:2)
  4 adders
  2 gnolls (D:3)
  An ooze (D:3)
  A worm (D:2)
  2 dart slugs
  2 leopard geckos
  7 orcs
  8 bats
  2 giant cockroaches
  14 goblins
  6 hobgoblins
  7 jackals
  5 frilled lizards
  6 kobolds
  7 rats
80 creatures vanquished.

Notes
Turn   | Place    | Note
-------+----------+-------------------------------------------
     0 | D:1      | gruber the Vine Stalker Fighter began the quest for the
                  | Orb.
     0 | D:1      | Reached XP level 1. HP: 11/11 MP: 2/2
    50 | D:1      | Reached skill level 2 in Long Blades
   314 | D:1      | Reached XP level 2. HP: 16/16 MP: 3/3
   697 | D:1      | Reached skill level 3 in Long Blades
   885 | D:2      | Reached XP level 3. HP: 19/19 MP: 4/4
  1534 | D:2      | Gained mutation: Your natural rate of healing is unusually
                  | fast. [Vine Stalker growth]
  1534 | D:2      | Reached XP level 4. HP: 23/23 MP: 5/5
  1692 | D:2      | Reached skill level 4 in Long Blades
  1920 | D:3      | Reached XP level 5. HP: 27/27 MP: 6/6
  1972 | D:3      | Reached skill level 5 in Long Blades
  1991 | D:3      | Noticed Robin
  2025 | D:2      | Killed Robin
  2327 | D:3      | You fall into a shaft and drop 2 floors!
  2327 | D:5      | Entered Level 5 of the Dungeon
  2338 | D:5      | Reached XP level 6. HP: 30/32 MP: 4/7
  2397 | D:5      | Noticed a troll
  2419 | D:5      | HP: 1/32 [troll (4)]
  2419 | D:5      | Slain by a troll

Illustrated notes

Levels and vault maps discovered:
D:1:      tarquinn_simple_flora_water_b, layout_rooms
D:2:      layout_rooms, first_ration
D:3:      layout_rooms, minmay_door_square, uniq_robin
D:5:      layout_loops_corners, grunt_gozag_breadcrumbs, chequers_avenue

Skill      XL: |  1  2  3  4  5 |
---------------+----------------+-----
Long Blades    | 2 3 4 5 |  5.9
Fighting       | |  2.6
Armour         | |  2.4
Shields        | |  2.6

Action                   |  1- 3 |  4- 6 || total
-------------------------+-------+-------++-------
Melee: Long sword        |   107 |   163 ||   270
       Bite              |    31 |    44 ||    75
  Use: Scroll            |       |     1 ||     1
  Eat: Chunk             |     2 |     3 ||     5
Armor: Scale mail        |    33 |       ||    33
       Plate armour      |    30 |   117 ||   147
Dodge: Dodged            |    28 |    17 ||    45
Block: Kite shield       |    66 |    67 ||   133
       Rpst.: Long sword |     7 |     5 ||    12
